 Dungeon Crawl Stone Soup version 0.25.1-8-g42b30a86e7 (webtiles) character file.

Game seed: 15930403135287808273

6159 puppyhush the Tainter (level 10, -6/63 HPs)
             Began as a Demonspawn Venom Mage on Dec 13, 2020.
             Was a Believer of Sif Muna.
             Mangled by a four-headed hydra (9 damage)
             ... on level 9 of the Dungeon.
             The game lasted 01:42:21 (12882 turns).

puppyhush the Tainter (Demonspawn Venom Mage)      Turns: 12882, Time: 01:42:22

Health: -6/63      AC:  2    Str:  9    XL:     10   Next: 60%
Magic:  0/21       EV: 15    Int: 19    God:    Sif Muna [**....]
Gold:   392        SH:  0    Dex: 14    Spells: 7/24 levels left

rFire    + . .     SeeInvis .   u - +2 dire flail (protect)
rCold    . . .     Gourm    .   (shield currently unavailable)
rNeg     . . .     Faith    .   k - +0 robe
rPois    +         Spirit   +   (helmet restricted)
rElec    .         Reflect  .   (no cloak)
rCorr    .         Harm     .   (no gloves)
MR       .....                  (no boots)
Stlth    +++.......             a - amulet of magic regeneration
HPRegen  1.20/turn              l - ring of poison resistance
MPRegen  0.42/turn              (no ring)

@: flying
A: horns 2, fire resistance 1, sense surroundings 1, powered by death 2, magic
shield
a: Channel Magic, Renounce Religion


You were on level 9 of the Dungeon.
You worshipped Sif Muna.
Sif Muna was pleased with you.
You were hungry.

You visited 2 branches of the dungeon, and saw 10 of its levels.

You collected 392 gold pieces.

Inventory:

Hand Weapons
 u - a +2 dire flail of protection (weapon)
Missiles
 g - 15 boomerangs (quivered)
 h - 225 stones
 p - 56 bolts
 w - 4 javelins
Armour
 k - a +0 robe (worn)
 y - a +0 kite shield
Jewellery
 a - an amulet of magic regeneration (around neck)
 l - a ring of poison resistance (left hand)
 x - an uncursed ring of protection from cold {unknown}
Wands
 A - a wand of polymorph (2)
Scrolls
 e - a scroll of magic mapping {unknown}
 m - 6 scrolls of remove curse
 o - 3 scrolls of identify
 q - 2 scrolls of enchant weapon
Potions
 b - a potion of cancellation {unknown}
 d - a potion of heal wounds {unknown}
 f - a potion of mutation {unknown}
 i - a potion of invisibility {unknown}
 j - 2 potions of lignification {unknown}
 n - a potion of curing
 s - a potion of might {unknown}
 t - 2 potions of haste
 B - a potion of degeneration {unknown}
 C - a potion of flight
 D - a potion of magic {unknown}
 E - a potion of resistance {unknown}
Comestibles
 c - 8 rations
 r - 4 chunks of flesh


   Skills:
 + Level 5.5 Dodging
 + Level 6.0 Stealth
 * Level 7.5 Spellcasting
 + Level 1.7 Necromancy
 - Level 2.2 Translocations
 + Level 5.2 Transmutations
 * Level 8.5 Poison Magic
 + Level 4.1 Invocations
 + Level 3.1 Evocations


You had 7 spell levels left.
You knew the following spells:

 Your Spells              Type           Power        Failure   Level  Hunger
a - Sting                 Tmut/Pois      ####         1%          1    None
b - Poisonous Vapours     Pois/Air       ###...       2%          2    None
c - Ignite Poison         Fire/Tmut/Pois ###.....     4%          3    #......
d - Olgreb's Toxic Radia  Pois           #####...     2%          4    ###....
e - Gell's Gravitas       Tloc           ###.......   12%         3    #......
f - Animate Skeleton      Necr           N/A          4%          1    None
g - Vampiric Draining     Necr           ##........   14%         3    #......

Your spell library contained the following spells:

 Spells                   Type           Power        Failure   Level  Hunger
 Pain                     Necr           ##..         4%          1    None
 Mephitic Cloud           Conj/Pois/Air  ###.....     9%          3    #......
 Confusing Touch          Hex            #.......     28%         3    #......
 Petrify                  Tmut/Erth      ###.....     32%         4    ###....
 Animate Dead             Necr           N/A          43%         4    ###....
 Yara's Violent Unravell  Hex/Tmut       ###.......   67%         5    #####..
 Agony                    Necr           ##......     78%         5    #####..
 Metabolic Englaciation   Hex/Ice        #.........   95%         5    #####..


Dungeon Overview and Level Annotations

Branches:
Dungeon (9/15)             Temple (1/1) D:5
   Lair: D:8-11         Orc: D:9-12

Altars:
Ashenzari
Cheibriados
Elyvilon
Fedhas
Gozag
Hepliaklqana
Kikubaaqudgha
Makhleb
Okawaru
Qazlal
Ru
Sif Muna
Trog
Uskayaw
Vehumet
Wu Jian
Xom
Yredelemnul
Zin
The Shining One


Innate Abilities, Weirdness & Mutations

You have a pair of horns on your head.
You regenerate health from kills.
When hurt, damage is shared between your health and your magic reserves.
Your flesh is heat resistant. (rF+)
You passively map a small area around you.


Message History

Press: ? - help, Dir - move target cursor, f/p - efreet
Aim: an efreet, wielding a +2 scimitar of flaming (paralysed) Gravity reorients around the efreet.
You barely miss the four-headed hydra. The four-headed hydra bites you.
The four-headed hydra bites you!
The four-headed hydra closely misses you.
The four-headed hydra bites you!
You barely miss the four-headed hydra. You headbutt the four-headed hydra!
The four-headed hydra is lightly wounded.
The four-headed hydra bites you. The four-headed hydra bites you!
* * * LOW HITPOINT WARNING * * *
The four-headed hydra bites you.
* * * LOW HITPOINT WARNING * * *
The four-headed hydra bites you!
* * * LOW HITPOINT WARNING * * *
The fire dragon breathes flames at you. The blast of flame misses you.
You feel very buoyant.
You fly up into the air.
The four-headed hydra bites you!
You die...

#..#. #.# #...... , ###..##
...## #.# ########*, #....#
....#######...## ,* *
,###..## ...##.# #.'....# ,
, #.... ...#.###..####'####
* #.##. ......#...#.......#
, . #. #.
....####+##.⌠...⌠.# ...
#.*#.
....#888.##.^..§.Y##....?,*
#.##.
....'.)..8#...⌠.@DD.)..R$*
*#.#..
....#888.##..⌠...D##....( *
..#.. ##.#####'##.⌠...⌠.#
... ###.. #...
#[..#.......# * . #.. ....
##..####'#### * * #.. ####.
#.#.'....#* #..
#,#####...## , , * * ### *
,,, #####* * , ##_ * , ##..


You could see a fire dragon (catching breath), a four-headed hydra, a yak
(poisoned), an efreet (paralysed) and an acid dragon.

Vanquished Creatures
  Pikel (D:5)
  A salamander (D:9)
  A troll (D:9)
  A hippogriff (D:7)
  Sigmund (D:5)
  A spriggan (D:9)
  6 yaks (D:9)
  A hungry ghost (D:9)
  Edmund (D:5)
  Duvessa (D:5)
  An orc warrior (D:9)
  A black bear (D:9)
  2 ice beasts
  A sky beast (D:7)
  A phantom (D:5)
  4 ogres
  6 centaurs
  2 big kobolds
  3 bullfrogs
  Dowan (D:5)
  4 scorpions
  9 killer bees
  2 centaur zombies
  3 crimson imps
  A quasit (D:5)
  A bullfrog skeleton (D:8)
  A jelly (D:5)
  A bullfrog zombie (D:6)
  A gnoll shaman (D:9)
  2 hounds
  4 orc wizards
  6 worker ants
  An iguana (D:8)
  A hound skeleton (D:6)
  12 gnolls
  10 adders
  A shadow imp (D:5)
  An ooze (D:3)
  An adder zombie (D:7)
  3 adder skeletons
  2 worms (D:2)
  2 dart slugs
  5 leopard geckos
  20 orcs
  2 ball pythons
  5 bats
  5 giant cockroaches
  10 goblins
  10 hobgoblins
  16 jackals
  A quokka (D:8)
  3 frilled lizards
  A jackal skeleton (D:8)
  12 kobolds
  A leopard gecko skeleton (D:6)
  3 quokka skeletons
  7 rats
  A fungus (D:1)
208 creatures vanquished.

Vanquished Creatures (collateral kills)
  An adder (D:8)
  A quokka (D:9)
  A jackal skeleton (D:9)
3 creatures vanquished.

Vanquished Creatures (others)
  A crimson imp (D:5)
  A shadow imp (D:5)
  An adder skeleton (D:5)
3 creatures vanquished.

Grand Total: 214 creatures vanquished

Notes
Turn   | Place    | Note
-------+----------+-------------------------------------------
     0 | D:1      | puppyhush the Demonspawn Venom Mage began the quest for the
                  | Orb.
     0 | D:1      | Reached XP level 1. HP: 13/13 MP: 3/3
   143 | D:1      | Reached skill level 1 in Transmutations
   307 | D:1      | Gained mutation: You regenerate a little health from kills.
                  | [demonic ancestry]
   307 | D:1      | Reached XP level 2. HP: 16/19 MP: 0/5
  1611 | D:1      | Gained mutation: You have a pair of small horns on your
                  | head. [demonic ancestry]
  1611 | D:1      | Reached XP level 3. HP: 23/24 MP: 3/6
  2044 | D:2      | Learned a level 2 spell: Poisonous Vapours
  2896 | D:2      | Gained mutation: You have a pair of horns on your head.
                  | [demonic ancestry]
  2896 | D:2      | Reached XP level 4. HP: 27/30 MP: 5/7
  3175 | D:2      | Learned a level 3 spell: Ignite Poison
  3201 | D:3      | Gained mutation: You passively map a small area around you.
                  | [mutagenic glow]
  3230 | D:3      | Gained mutation: Your flesh is heat resistant. (rF+)
                  | [mutagenic glow]
  3638 | D:3      | Gained mutation: When hurt, damage is shared between your
                  | health and your magic reserves. [demonic ancestry]
  3638 | D:3      | Reached XP level 5. HP: 35/35 MP: 1/9
  4526 | D:4      | Reached skill level 4 in Poison Magic
  4834 | D:4      | Reached XP level 6. HP: 41/41 MP: 5/11
  5515 | D:5      | Entered Level 5 of the Dungeon
  6202 | D:5      | Found a staircase to the Ecumenical Temple.
  6259 | D:5      | Noticed Duvessa
  6259 | D:5      | Noticed Dowan
  6274 | D:5      | Noticed Edmund
  6507 | D:5      | Reached XP level 7. HP: 38/46 MP: 9/12
  6582 | D:5      | Killed Dowan
  6590 | D:5      | Killed Duvessa
  6590 | D:5      | Reached skill level 5 in Poison Magic
  7024 | D:5      | Killed Edmund
  7426 | Temple   | Entered the Ecumenical Temple
  7878 | Temple   | Became a worshipper of Sif Muna the Loreminder
  7964 | D:5      | Noticed Pikel
  7970 | D:5      | Killed Pikel
  7970 | D:5      | Reached skill level 5 in Spellcasting
  7970 | D:5      | Reached skill level 6 in Poison Magic
  7970 | D:5      | Reached XP level 8. HP: 52/52 MP: 1/15
  8506 | D:5      | Noticed Sigmund
  8513 | D:5      | Killed Sigmund
  8808 | D:6      | Gained mutation: You regenerate health from kills. [demonic
                  | ancestry]
  8808 | D:6      | Reached XP level 9. HP: 37/57 MP: 6/17
  9113 | D:6      | Learned a level 4 spell: Olgreb's Toxic Radiance
  9117 | D:6      | Learned a level 3 spell: Gell's Gravitas
  9297 | D:6      | Reached * piety under Sif Muna
  9297 | D:6      | Reached skill level 7 in Poison Magic
  9638 | D:7      | Reached skill level 5 in Stealth
  9657 | D:7      | Reached skill level 1 in Invocations
  9694 | D:7      | Reached skill level 1 in Translocations
  9694 | D:7      | Reached skill level 1 in Evocations
 10531 | D:7      | Learned a level 1 spell: Animate Skeleton
 10535 | D:7      | Learned a level 3 spell: Vampiric Draining
 10689 | D:8      | Reached skill level 5 in Dodging
 11180 | D:8      | Found an iron altar of Okawaru.
 11191 | D:8      | Found a shattered altar of Ashenzari.
 11191 | D:8      | Found a blossoming altar of Fedhas.
 11441 | D:9      | Reached ** piety under Sif Muna
 11591 | D:9      | Noticed a troll
 11595 | D:9      | Reached XP level 10. HP: 63/63 MP: 17/20
 11607 | D:9      | Noticed a salamander
 11607 | D:9      | a troll changed into a salamander
 11620 | D:9      | Killed a salamander
 11620 | D:9      | Reached skill level 8 in Poison Magic
 11641 | D:9      | Found a glowing golden altar of the Shining One.
 11661 | D:9      | Found an ornate altar of the Wu Jian Council.
 11681 | D:9      | Found a burning altar of Makhleb.
 11697 | D:9      | Found a shimmering altar of Xom.
 12112 | D:9      | Reached skill level 1 in Necromancy
 12112 | D:9      | Reached skill level 5 in Transmutations
 12129 | D:9      | Found a hazy altar of Hepliaklqana.
 12872 | D:9      | Noticed a four-headed hydra
 12877 | D:9      | Noticed a fire dragon
 12881 | D:9      | HP: 2/63 [four-headed hydra (11)]
 12882 | D:9      | Mangled by a four-headed hydra

Illustrated notes

Levels and vault maps discovered:
D:1:      dpeg_arrival_water_fire, layout_basic
D:2:      layout_basic
D:3:      layout_loops_corners
D:4:      layout_cave_pools, first_ration
D:5:      layout_gridville, minmay_temple_entry_tees, uniq_duvessa,
          uniq_sigmund, uniq_edmund, uniq_pikel
D:6:      layout_loops_ring
D:7:      layout_basic
D:8:      layout_cave_pools, minitemple
D:9:      minmay_chambers_of_sevens, layout_loops_ring, lemuel_doored_altar,
          minmay_overflow_temple_star_hex, lemuel_coloured_pillars_altar,
          dpeg_lair_monsters, serial_shops, kennysheep_mini_moat, the_bakery
Temple:   hc_temple_tempest_star

Skill      XL: |  1  2  3  4  5  6  7  8  9 10 |
---------------+-------------------------------+-----
Transmutations | 1 2 3 4 5 |  5.2
Dodging        | 2 3 4 5 |  5.5
Stealth        | 2 3 4 5 6 |  6.0
Spellcasting   | 3 5 6 7 |  7.5
Poison Magic   | 4 6 7 8 |  8.5
Invocations    | 3 4 |  4.1
Translocations | 2 |  2.2
Evocations     | 2 3 |  3.1
Necromancy     | 1 |  1.7

Action                   |  1- 3 |  4- 6 |  7- 9 | 10-12 || total
-------------------------+-------+-------+-------+-------++-------
Melee: Unarmed           |    66 |       |       |       ||    66
       Club              |     9 |       |       |       ||     9
       Dagger            |    70 |   173 |     4 |       ||   247
       Headbutt          |     3 |    23 |    22 |     5 ||    53
       Dire flail        |       |       |   130 |    55 ||   185
Throw: Stone             |    20 |     4 |       |       ||    24
       Boomerang         |       |    45 |    29 |       ||    74
 Cast: Sting             |    56 |    48 |    36 |    17 ||   157
       Poisonous Vapours |     1 |    20 |    21 |     2 ||    44
       Ignite Poison     |       |     2 |    37 |    14 ||    53
       Olgreb's Toxic Ra |       |       |    10 |    12 ||    22
       Animate Skeleton  |       |       |     6 |     6 ||    12
       Gell's Gravitas   |       |       |       |     1 ||     1
Invok: Channel Magic     |       |       |     2 |     1 ||     3
Evoke: Wand              |       |     7 |    19 |     7 ||    33
  Use: Scroll            |     3 |     4 |     2 |     3 ||    12
       Potion            |       |     1 |       |     3 ||     4
 Stab: Sleeping          |       |       |     3 |       ||     3
  Eat: Ration            |     2 |     2 |     5 |     6 ||    15
       Chunk             |     2 |     3 |     2 |     5 ||    12
Armor: Robe              |     8 |    25 |    41 |    16 ||    90
Dodge: Dodged            |    54 |   101 |   157 |    51 ||   363
